 Dungeon Crawl Stone Soup version 0.19.0-2-gae57169 (webtiles) character file.

5 Patchouli the Sneak (level 1, 0/9 HPs)
             Began as a Spriggan Enchanter on Nov 7, 2016.
             Was an Initiate of Zin.
             Slain by a gnoll (4 damage)
             ... on level 4 of the Dungeon.
             The game lasted 00:02:49 (833 turns).

Patchouli the Sneak (Spriggan Enchanter)             Turns: 833, Time: 00:02:49

Health: 0/9        AC:  3    Str:  4    XL:     1   Next: 66%
Magic:  4/5        EV: 18    Int: 16    God:    Zin [......]
Gold:   70         SH:  0    Dex: 16    Spells: 1 memorised, 4 levels left

rFire  . . .     SeeInvis +     a - +1 dagger
rCold  . . .     Gourm    .     b - +1 robe
rNeg   . . .     Faith    .     (shield restricted)
rPois  .         Spirit   .     (helmet restricted)
rElec  .         Reflect  .     (no cloak)
rCorr  .         Harm     .     (gloves unavailable)
MR     .....                    (boots unavailable)
Stlth  +++.......               (no amulet)
                                (no ring)
                                (no ring)

@: very quick
A: unfitting armour, see invisible, herbivore 3, speed 3, slow metabolism 2
a: Donate Gold, Renounce Religion


You were on level 4 of the Dungeon.
You worshipped Zin.
Zin was noncommittal.
You were not hungry.

You visited 2 branches of the dungeon, and saw 6 of its levels.

You collected 77 gold pieces.
You donated 7 gold pieces to Zin.

Inventory:

Hand Weapons
 a - a +1 dagger (weapon)
Armour
 b - a +1 robe (worn)
Scrolls
 e - a scroll of teleportation {unknown}
 g - a scroll of identify {unknown}
 h - a scroll of remove curse {unknown}
Potions
 f - a potion of cancellation {unknown}
Books
 c - a book of Maledictions

   Spells                             Type                      Level
   a - Corona                         Hexes                        1
   b - Ensorcelled Hibernation        Hexes/Ice                    2
   c - Confuse                        Hexes                        3
   d - Tukima's Dance                 Hexes                        3
   e - Dazzling Spray                 Conjuration/Hexes            3
Comestibles
 d - 2 bread rations


   Skills:
 + Level 1.3 Short Blades
 + Level 3.3 Dodging
 - Level 4.4 Stealth
 + Level 2.7 Spellcasting
 + Level 3.7 Hexes


You had 4 spell levels left.
You knew the following spells:

 Your Spells              Type           Power        Failure   Level  Hunger
a - Corona                Hex            ##.....      6%          1    #......


Dungeon Overview and Level Annotations

Branches:
Dungeon (5/15)             Temple (1/1) D:4

Altars:
Ashenzari
Dithmenos
Elyvilon
Fedhas
Gozag
Hepliaklqana
Kikubaaqudgha
Makhleb
Nemelex Xobeh
Qazlal
Ru
Sif Muna
Trog
Vehumet
Xom
Yredelemnul
Zin


Innate Abilities, Weirdness & Mutations

You are very small and have problems with some larger weapons.
You are too small for most types of armour.
You have supernaturally acute eyesight. (SInv)
You are a herbivore.
You cover ground extremely quickly.
You need consume almost no food.


Message History

Casting: Corona
Confirm with . or Enter, or press ? or * to list all spells.
Aiming: Corona
Press: ? - help, Shift-Dir - straight line, f - gnoll
Aim: a gnoll (resting, chance to defeat MR: 60%)
The gnoll is outlined in light.
You hit the gnoll but do no damage. The gnoll completely misses you.
You hit the gnoll but do no damage. The gnoll hits you.
Ouch! That really hurt!
You hit the gnoll but do no damage. You hit the gnoll.
The gnoll is lightly wounded.
The gnoll barely misses you.
You hit the gnoll.
The gnoll is lightly wounded.
The gnoll closely misses you.
You hit the gnoll but do no damage.
The gnoll is lightly wounded.
The gnoll hits you.
You die...

l#(### #. .....
###. #.....#..
.... ...# .. .#..
g ..[# .. .#<....
.### # #. .#...###
...#.# #. .#.....#
...#.# #.#.#.###g#
.....###........@#
......###.##.#####
.a....###l.#.#
......#......#
......#.##.#.#
.....##.##.#.#
........##...#
.....######a.#
######
#.....######


You could see a gnoll.

Vanquished Creatures
  A leopard gecko (D:3)
  A quokka (D:3)
  A bat (D:3)
  2 kobolds
5 creatures vanquished.

Notes
Turn   | Place    | Note
-------+----------+-------------------------------------------
     0 | D:1      | Patchouli the Spriggan Enchanter began the quest for the Orb.
     0 | D:1      | Reached XP level 1. HP: 9/9 MP: 5/5
   684 | D:4      | Found a staircase to the Ecumenical Temple.
   700 | Temple   | Entered the Ecumenical Temple
   729 | Temple   | Became a worshipper of Zin the Law-Giver
   749 | D:4      | Noticed a scorpion
   749 | D:4      | Noticed a worker ant
   750 | D:4      | Noticed an iguana
   783 | D:5      | Entered Level 5 of the Dungeon
   783 | D:5      | Noticed a centaur
   794 | D:5      | Noticed an ogre
   795 | D:5      | Noticed a worker ant
   796 | D:5      | Noticed an ogre
   833 | D:4      | Slain by a gnoll

Action                   || total
-------------------------++-------
Melee: Dagger            ||    37
 Cast: Corona            ||    12
Armor: Robe              ||     1
Dodge: Dodged            ||    30
